BLB
INDIANAPOLIS CLOWNS @ SYRACUSE SNAPPERS
08/12/2059
 
TOP OF THE 1ST
Indianapolis Clowns batting - Pitching for Syracuse Snappers : RHP Blake Visco
Pitching: RHP Blake Visco
Batting: LHB Elias Owen 0-0: Foul Ball, location: 2F
0-1: Ball
1-1: Ball
2-1: Ball
3-1: Foul Ball, location: 2F
3-2: DOUBLE (Line Drive, 9LM, EV 94.4 MPH)
Batting: RHB Tom Holderness 0-0: Ball
Elias Owen steals 3rd base
1-0: Ball
2-0: Called Strike
2-1: Foul Ball, location: 2F
2-2: Ground out 5-3 (Groundball, 56S, EV 86.9 MPH)
Elias Owen scores
Batting: LHB Grady Faulkner 0-0: Ground out 3-1 (Groundball, 34S, EV 88.8 MPH)
Batting: LHB Sean Hayward 0-0: Ground out 4-3 (Groundball, 4D, EV 100.6 MPH)
Top of the 1st over - 1 run, 1 hit, 0 errors, 0 left on base; Indianapolis 1 - Syracuse 0
BOTTOM OF THE 1ST
Syracuse Snappers batting - Pitching for Indianapolis Clowns : RHP Troy Cooper
Pitching: RHP Troy Cooper
Batting: RHB Walter Worsham 0-0: Ball
1-0: Foul Ball, location: 2F
1-1: Called Strike
1-2: Ball
2-2: Ball
3-2: Ground out 4-3 (Groundball, 34, EV 82.5 MPH)
Batting: RHB Charlie Jones 0-0: Ball
1-0: Ball
2-0: Foul Ball, location: 2F
2-1: Fly out, F9 (Flyball, 9LD, EV 105.0 MPH)
Batting: RHB Asher Kappler 0-0: Swinging Strike
0-1: Foul Ball, location: 2F
0-2: Foul Ball, location: 2F
0-2: Ball
1-2: Ball
2-2: Foul Ball, location: 2F
2-2: Strikes out swinging
Bottom of the 1st over - 0 runs, 0 hits, 0 errors, 0 left on base; Indianapolis 1 - Syracuse 0
TOP OF THE 2ND
Indianapolis Clowns batting - Pitching for Syracuse Snappers : RHP Blake Visco
Batting: LHB Dalton Hamilton 0-0: Called Strike
0-1: Foul Ball, location: 2F
0-2: Ball
1-2: Strikes out swinging
Batting: RHB Jett Speer 0-0: Ball
1-0: Ball
2-0: Foul Ball, location: 2F
2-1: Ball
3-1: Fly out, F7 (Line Drive, 7LM, EV 95.0 MPH)
Batting: RHB Blaise McFarland 0-0: Foul Ball, location: 2F
0-1: Swinging Strike
0-2: Ball
1-2: Ball
2-2: Ball
3-2: Ground out 6-3 (Groundball, 6, EV 84.4 MPH)
Top of the 2nd over - 0 runs, 0 hits, 0 errors, 0 left on base; Indianapolis 1 - Syracuse 0
BOTTOM OF THE 2ND
Syracuse Snappers batting - Pitching for Indianapolis Clowns : RHP Troy Cooper
Batting: RHB Ben Piche 0-0: Called Strike
0-1: Ball
1-1: Ball
2-1: Foul Ball, location: 2F
2-2: Foul Ball, location: 2F
2-2: Strikes out swinging
Batting: RHB Damian Goranson 0-0: Ball
1-0: Ball
2-0: Called Strike
2-1: Fly out, F3 (Popup, 3SF, EV 75.6 MPH)
Batting: RHB Benny Ackley 0-0: Fly out, F8 (Flyball, 8LD, EV 97.5 MPH)
Bottom of the 2nd over - 0 runs, 0 hits, 0 errors, 0 left on base; Indianapolis 1 - Syracuse 0
TOP OF THE 3RD
Indianapolis Clowns batting - Pitching for Syracuse Snappers : RHP Blake Visco
Batting: RHB Jared Bradley 0-0: Ball
1-0: Called Strike
1-1: Ball
2-1: Fly out, F8 (Flyball, 8RD, EV 90.6 MPH)
Batting: RHB Centarius Lara 0-0: Called Strike
0-1: Ball
1-1: Foul Ball, location: 2F
1-2: Ball
2-2: Strikes out looking
Batting: LHB Elias Owen 0-0: Ball
1-0: Foul Ball, location: 2F
1-1: Called Strike
1-2: Ball
2-2: Ball
3-2: Foul Ball, location: 2F
3-2: Foul Ball, location: 2F
3-2: Foul Ball, location: 2F
3-2: SINGLE (Flyball, 8LS, EV 90.6 MPH)
Batting: RHB Tom Holderness 0-0: Fly out, F8 (Flyball, 8LXD, EV 101.2 MPH)
Top of the 3rd over - 0 runs, 1 hit, 0 errors, 1 left on base; Indianapolis 1 - Syracuse 0
BOTTOM OF THE 3RD
Syracuse Snappers batting - Pitching for Indianapolis Clowns : RHP Troy Cooper
Batting: RHB Cody Zimmerman 0-0: Ball
1-0: Foul Ball, location: 2F
1-1: Ball
2-1: Foul Ball, location: 2F
2-2: Fly out, F4 (Popup, 13, EV 90.0 MPH)
Batting: RHB Victor Day 0-0: Ground out 6-3 (Groundball, 6, EV 86.9 MPH)
Batting: RHB Colton Sheridan 0-0: Called Strike
0-1: Foul Ball, location: 2F
0-2: Strikes out swinging
Bottom of the 3rd over - 0 runs, 0 hits, 0 errors, 0 left on base; Indianapolis 1 - Syracuse 0
TOP OF THE 4TH
Indianapolis Clowns batting - Pitching for Syracuse Snappers : RHP Blake Visco
Batting: LHB Grady Faulkner 0-0: Called Strike
0-1: Swinging Strike
0-2: Ball
1-2: Foul Ball, location: 2F
1-2: Strikes out swinging
Batting: LHB Sean Hayward 0-0: Ball
1-0: Foul Ball, location: 2F
1-1: Ball
2-1: SOLO HOME RUN (Flyball, 9D, EV 96.2 MPH), Distance : 375 ft
Batting: LHB Dalton Hamilton 0-0: Swinging Strike
0-1: Ball
1-1: Ball
2-1: Foul Ball, location: 2F
2-2: Ball
3-2: Base on Balls
Batting: RHB Jett Speer 0-0: Ball
1-0: Foul Ball, location: 2F
Balk!
Dalton Hamilton to second
1-1: Ball
2-1: Fly out, F9 (Flyball, 89S, EV 93.8 MPH)
Pitching: RHP Alec Goeman
Batting: RHB Blaise McFarland 0-0: Foul Ball, location: 2F
0-1: Ball
1-1: Ball
2-1: Ground out 6-3 (Groundball, 6, EV 84.4 MPH)
Top of the 4th over - 1 run, 1 hit, 0 errors, 1 left on base; Indianapolis 2 - Syracuse 0
BOTTOM OF THE 4TH
Syracuse Snappers batting - Pitching for Indianapolis Clowns : RHP Troy Cooper
Batting: RHB Walter Worsham 0-0: Called Strike
0-1: Called Strike
0-2: Foul Ball, location: 2F
0-2: Ball
1-2: Fly out, F8 (Flyball, 78M, EV 85.6 MPH)
Batting: RHB Charlie Jones 0-0: Called Strike
0-1: Foul Ball, location: 2F
0-2: Fly out, F9 (Line Drive, 9S, EV 87.5 MPH)
Batting: RHB Asher Kappler 0-0: Called Strike
0-1: SINGLE (Line Drive, 4MD, EV 98.8 MPH)
Batting: RHB Ben Piche 0-0: Ball
1-0: Called Strike
1-1: Called Strike
1-2: Ball
2-2: Fly out, F8 (Flyball, 8LM, EV 88.8 MPH)
Bottom of the 4th over - 0 runs, 1 hit, 0 errors, 1 left on base; Indianapolis 2 - Syracuse 0
TOP OF THE 5TH
Indianapolis Clowns batting - Pitching for Syracuse Snappers : RHP Alec Goeman
Batting: RHB Jared Bradley 0-0: Ball
1-0: Ball
2-0: Foul Ball, location: 2F
2-1: Ball
3-1: Base on Balls
Batting: RHB Centarius Lara 0-0: Called Strike
0-1: Foul Ball, location: 2F
0-2: Ball
1-2: Foul Ball, location: 2F
1-2: Ball
2-2: Ball
3-2: Foul Ball, location: 2F
3-2: Foul Ball, location: 2F
3-2: Foul Ball, location: 2F
3-2: Strikes out swinging
Batting: LHB Elias Owen 0-0: Ball
Wild Pitch!
Jared Bradley to second
1-0: Ball
2-0: Ball
3-0: Called Strike
3-1: Foul Ball, location: 2F
3-2: Base on Balls
Batting: RHB Tom Holderness 0-0: Swinging Strike
0-1: Called Strike
0-2: Grounds into double play, 6-4-3 (Groundball, 6, EV 88.1 MPH)
Top of the 5th over - 0 runs, 0 hits, 0 errors, 1 left on base; Indianapolis 2 - Syracuse 0
BOTTOM OF THE 5TH
Syracuse Snappers batting - Pitching for Indianapolis Clowns : RHP Troy Cooper
Batting: RHB Damian Goranson 0-0: Ball
1-0: Fly out, F5 (Line Drive, 5, EV 71.2 MPH)
Batting: RHB Benny Ackley 0-0: Ball
1-0: Ball
2-0: Ball
3-0: Called Strike
3-1: Base on Balls
Batting: RHB Cody Zimmerman 0-0: Ball
1-0: Ball
2-0: SINGLE (Groundball, 56D, EV 96.9 MPH)
Benny Ackley to second
Batting: RHB Victor Day 0-0: Called Strike
0-1: Ball
1-1: Foul Ball, location: 2F
1-2: Ball
2-2: Ball
3-2: Base on Balls
Benny Ackley to third
Cody Zimmerman to second
Batting: RHB Colton Sheridan 0-0: SINGLE (Line Drive, 56, EV 95.6 MPH)
Benny Ackley scores
Cody Zimmerman to third
Victor Day to second
Batting: RHB Walter Worsham 0-0: Ball
1-0: SINGLE (Line Drive, 3D, EV 94.4 MPH)
Cody Zimmerman scores
Victor Day to third
Colton Sheridan to second
Batting: RHB Charlie Jones 0-0: Called Strike
0-1: Ball
1-1: Ball
2-1: SINGLE (Groundball, 56D, EV 95.6 MPH)
Victor Day scores
Colton Sheridan to third
Walter Worsham to second
Runner from 3rd tries for Home, SAFE, throw by LF to home
Batting: RHB Asher Kappler 0-0: Ball
1-0: Called Strike
1-1: Ball
2-1: Called Strike
2-2: Strikes out looking
Batting: RHB Ben Piche 0-0: Ball
1-0: Foul Ball, location: 2F
1-1: DOUBLE (Line Drive, 89D, EV 108.1 MPH)
Walter Worsham scores
Charlie Jones to third
Runner from 3rd tries for Home, SAFE, throw by CF to trailing runner, SAFE at third!
Pitching: RHP Cooper Welsh
Batting: RHB Damian Goranson 0-0: Fly out, F9 (Flyball, 9, EV 86.2 MPH)
Bottom of the 5th over - 6 runs, 5 hits, 0 errors, 1 left on base; Indianapolis 2 - Syracuse 6
TOP OF THE 6TH
Indianapolis Clowns batting - Pitching for Syracuse Snappers : RHP Alec Goeman
Batting: LHB Grady Faulkner 0-0: Swinging Strike
0-1: Ball
1-1: Ball
2-1: Foul Ball, location: 2F
2-2: Ball
3-2: SOLO HOME RUN (Flyball, 9D, EV 93.1 MPH), Distance : 370 ft
Batting: LHB Sean Hayward 0-0: Ball
1-0: Foul Ball, location: 2F
1-1: Ground out U3 (Groundball, 34S, EV 80.0 MPH)
Pitching: LHP Jamie Matchett
Batting: LHB Dalton Hamilton 0-0: Called Strike
0-1: Ball
1-1: Ball
2-1: Ball
3-1: Foul Ball, location: 2F
3-2: Foul Ball, location: 2F
3-2: Foul Ball, location: 2F
3-2: Fly out, F4 (Line Drive, 4, EV 70.6 MPH)
Batting: RHB Jett Speer 0-0: Called Strike
0-1: Swinging Strike
0-2: Ball
1-2: Strikes out looking
Top of the 6th over - 1 run, 1 hit, 0 errors, 0 left on base; Indianapolis 3 - Syracuse 6
BOTTOM OF THE 6TH
Syracuse Snappers batting - Pitching for Indianapolis Clowns : RHP Cooper Welsh
Batting: RHB Benny Ackley 0-0: Ball
1-0: Ball
2-0: Called Strike
2-1: Swinging Strike
2-2: Strikes out looking
Batting: RHB Cody Zimmerman 0-0: Called Strike
0-1: Foul Ball, location: 2F
0-2: Ball
1-2: Strikes out looking
Batting: RHB Victor Day 0-0: Called Strike
0-1: Called Strike
0-2: Ball
1-2: Ball
2-2: Ground out 6-3 (Groundball, 6, EV 84.4 MPH)
Bottom of the 6th over - 0 runs, 0 hits, 0 errors, 0 left on base; Indianapolis 3 - Syracuse 6
TOP OF THE 7TH
Indianapolis Clowns batting - Pitching for Syracuse Snappers : LHP Jamie Matchett
Batting: RHB Blaise McFarland 0-0: Fly out, F2 (Popup, 23F, EV 80.0 MPH)
Batting: RHB Jared Bradley 0-0: Called Strike
0-1: SINGLE (Groundball, 5L, EV 85.0 MPH) (infield hit)
Batting: RHB Centarius Lara 0-0: Called Strike
0-1: Called Strike
0-2: Ball
Jared Bradley is caught stealing 2nd base 2-4
1-2: Foul Ball, location: 2F
1-2: Strikes out swinging
Top of the 7th over - 0 runs, 1 hit, 0 errors, 0 left on base; Indianapolis 3 - Syracuse 6
BOTTOM OF THE 7TH
Syracuse Snappers batting - Pitching for Indianapolis Clowns : RHP Cooper Welsh
Pitching: RHP Kristofer Humberto
Batting: RHB Colton Sheridan 0-0: Called Strike
0-1: Ball
1-1: Ball
2-1: Ball
3-1: Reached on error, E4 (Groundball, 4S, EV 80.0 MPH)
Batting: RHB Walter Worsham 0-0: Ball
1-0: Ground out 4-3 (Groundball, 4, EV 84.4 MPH)
Colton Sheridan to third
Batting: RHB Charlie Jones 0-0: Foul Ball, location: 2F
0-1: Swinging Strike
0-2: Strikes out swinging
Batting: RHB Asher Kappler 0-0: Ball
1-0: Ball
2-0: Ball
3-0: Called Strike
3-1: Base on Balls
Batting: RHB Ben Piche 0-0: Ball
1-0: Swinging Strike
1-1: Ball
2-1: Foul Ball, location: 2F
2-2: SINGLE (Line Drive, 7LS, EV 103.1 MPH)
Colton Sheridan scores
Asher Kappler to second
Pitching: RHP Joey Fleury
Batting: RHB Damian Goranson 0-0: Ball
1-0: Ball
2-0: Reached on error, E7 (Line Drive, 7LM, EV 86.9 MPH)
Asher Kappler scores
Ben Piche to third
Batting: RHB Benny Ackley 0-0: Foul Ball, location: 2F
0-1: Foul Ball, location: 2F
0-2: Foul Ball, location: 2F
0-2: Ball
1-2: Ball
2-2: Foul Ball, location: 2F
2-2: SINGLE (Line Drive, 8RS, EV 105.6 MPH)
Ben Piche scores
Damian Goranson to third
Batting: RHB Cody Zimmerman 0-0: Foul Ball, location: 2F
0-1: SINGLE (Line Drive, 8LS, EV 100.6 MPH)
Damian Goranson scores
Benny Ackley to second
Runner from 2nd tries for 3rd, SAFE, throw by CF made to third
Batting: RHB Victor Day 0-0: Called Strike
0-1: Fielders Choice at 2nd, 6-4 (Groundball, 6, EV 104.4 MPH)
Bottom of the 7th over - 4 runs, 3 hits, 2 errors, 2 left on base; Indianapolis 3 - Syracuse 10
TOP OF THE 8TH
Indianapolis Clowns batting - Pitching for Syracuse Snappers : LHP Jamie Matchett
Pinch Hitting: RHB Mick Ubaya 0-0: Ball
1-0: Called Strike
1-1: Ball
2-1: Foul Ball, location: 2F
2-2: Strikes out swinging
Batting: RHB Tom Holderness 0-0: Ball
1-0: Swinging Strike
1-1: Ball
2-1: Ground out 4-3 (Groundball, 4, EV 79.4 MPH)
Batting: LHB Grady Faulkner 0-0: Ball
1-0: Foul Ball, location: 2F
1-1: Ball
2-1: Ball
3-1: Base on Balls
Pinch Hitting: RHB Mitch Morgan 0-0: Ball
1-0: Ball
2-0: Foul Ball, location: 2F
2-1: Fly out, F8 (Flyball, 8LS, EV 83.8 MPH)
Top of the 8th over - 0 runs, 0 hits, 0 errors, 1 left on base; Indianapolis 3 - Syracuse 10
BOTTOM OF THE 8TH
Syracuse Snappers batting - Pitching for Indianapolis Clowns : RHP Joey Fleury
Now at 1B: Jett Speer
Now at 2B: Mitch Morgan
Now at 3B: Blaise McFarland
Now in RF: Mick Ubaya
Batting: RHB Colton Sheridan 0-0: Swinging Strike
0-1: Ball
1-1: Ground out 6-3 (Groundball, 6M, EV 90.0 MPH)
Batting: RHB Walter Worsham 0-0: Called Strike
0-1: Ball
1-1: Ground out 6-3 (Groundball, 6, EV 92.5 MPH)
Batting: RHB Charlie Jones 0-0: SOLO HOME RUN (Line Drive, 7D, EV 98.1 MPH), Distance : 368 ft
Batting: RHB Asher Kappler 0-0: Swinging Strike
0-1: Foul Ball, location: 2F
0-2: Ball
1-2: Ball
2-2: Ball
3-2: Strikes out looking
Bottom of the 8th over - 1 run, 1 hit, 0 errors, 0 left on base; Indianapolis 3 - Syracuse 11
TOP OF THE 9TH
Indianapolis Clowns batting - Pitching for Syracuse Snappers : LHP Jamie Matchett
Batting: LHB Dalton Hamilton 0-0: Ball
1-0: Ball
2-0: Called Strike
2-1: Ball
3-1: Base on Balls
Pitching: RHP Trevon Pearson
Batting: RHB Jett Speer 0-0: Ball
1-0: Called Strike
1-1: Foul Ball, location: 2F
1-2: Strikes out swinging
Batting: RHB Blaise McFarland 0-0: Ball
1-0: SINGLE (Groundball, 56D, EV 101.9 MPH)
Dalton Hamilton to second
Batting: RHB Jared Bradley 0-0: Called Strike
0-1: Ball
1-1: Called Strike
1-2: Ball
2-2: Strikes out swinging
Batting: RHB Centarius Lara 0-0: Ball
1-0: Swinging Strike
1-1: Called Strike
1-2: Strikes out looking
Top of the 9th over - 0 runs, 1 hit, 0 errors, 2 left on base; Indianapolis 3 - Syracuse 11
Saturday, March 23rd , 2024 - OOTP Baseball 23.10 Build 110